 Dungeon Crawl Stone Soup version 0.29.0-4-gdea44cf6ec (webtiles) character file.

Game seed: 5443040394428308407

119 qw the Chopper (level 5, -1/30 HPs)
             Began as a Tengu Warper on Aug 28, 2022.
             Slain by Grinder (2 damage)
             ... on level 3 of the Dungeon.
             The game lasted 00:00:20 (3186 turns).

qw the Chopper (Tengu Warper)                       Turns: 3186, Time: 00:00:20

Health: -1/30      AC:  6    Str: 19    XL:     5   Next: 3%
Magic:  9/9        EV: 12    Int: 14    God:
Gold:   152        SH:  0    Dex: 13    Spells: 8/8 levels left

rFire   . . .      SeeInvis .   Y - +1 hand axe
rCold   . . .      Faith    .   (no shield)
rNeg    . . .      Spirit   .   h - +0 scale mail
rPois   .          Reflect  .   (helmet restricted)
rElec   .          Harm     .   (no cloak)
rCorr   .          Rampage  .   (no gloves)
Will    +....                   (boots unavailable)
Stlth   ..........              (no amulet)
HPRegen 0.10/turn               e - +6 ring of strength
MPRegen 0.11/turn               f - ring of willpower

@: flying quickly and evasively, quick
A: beak, talons 3, nimble flight
a: no special abilities


You were on level 3 of the Dungeon.
You visited 1 branch of the dungeon, and saw 3 of its levels.

You collected 152 gold pieces.


Innate Abilities, Weirdness & Mutations

You have a beak for a mouth.
You have claws for feet.
Your magical nature lets you fly swiftly and evasively.


   Skills:
 - Level 2.0 Fighting
 + Level 5.5 Axes
 - Level 1.0 Throwing
 - Level 1.1 Armour
 - Level 2.1 Dodging
 - Level 2.0 Spellcasting
 - Level 2.4 Translocations


You had 8 spell levels left.
You didn't know any spells.
Your spell library contained the following spells:

 Spells                   Type           Power      Damage    Failure   Level
 Blink                    Tloc           16%        N/A       38%         2
 Gell's Gravitas          Tloc           8%         N/A       63%         3
 Lesser Beckoning         Tloc           8%         N/A       63%         3
 Teleport Other           Tloc           8%         N/A       63%         3
 Manifold Assault         Tloc           8%         N/A       100%        5

Inventory:

Hand Weapons
 k - a +0 flail of protection
 Y - a +1 hand axe (weapon)
Armour
 h - a +0 scale mail (worn)
Jewellery
 e - a +6 ring of strength (left hand)
 f - a ring of willpower (right hand)
Scrolls
 i - a scroll of identify
Potions
 a - a potion of haste
 d - 2 potions of curing
 g - a potion of lignification {unknown}
 j - a potion of mutation {unknown}
 m - a potion of resistance {unknown}

Dungeon Overview and Level Annotations

Branches:
Dungeon (3/15)

Altars:
The Shining One

Annotations:
D:3 Grinder


Message History

Done exploring.
3172 ||| READING scroll labelled GAEHIE NINORI.
As you read the scroll labelled GAEHIE NINORI, it crumbles to dust.
It is a scroll of enchant weapon.
Your +0 hand axe glows red for a moment.
Done exploring.
(D) Dungeon
Where to? (* - list waypoints, Enter - D:3, ? - help)
What level of the Dungeon? (default 1, ? - help)
You fly downwards.
Level annotation: Grinder
There is a stone staircase leading up here.
Grinder is nearby!
Grinder hits you.
You writhe in agony.
You barely miss Grinder. You claw Grinder.
Grinder is lightly wounded.
Grinder closely misses you.
You hit Grinder but do no damage.
Grinder is lightly wounded.
Grinder hits you.
You writhe in agony.
You closely miss Grinder.
Grinder is lightly wounded.
Grinder closely misses you.
You closely miss Grinder. Your kick misses Grinder.
Grinder is lightly wounded.
Grinder hits you.
You hit Grinder but do no damage. Your peck misses Grinder.
Grinder is lightly wounded.
Grinder hits you but does no damage.
You closely miss Grinder. You claw Grinder.
Grinder is lightly wounded.
Grinder barely misses you.
You barely miss Grinder. You claw Grinder.
Grinder is lightly wounded.
Grinder blinks!
Grinder closely misses you.
You hit Grinder but do no damage.
Grinder is lightly wounded.
Grinder hits you!
You writhe in agony.
You die...

##....###.#.#...#..
####.##..%........
#.##....#......
#.#...#.#......
############...###.%....##
##.....#.....#.## ###.##.#
#..............# #.##.#
..$.......5....# #.##.#
..........@>...# #.##.#
...............# ###.##:#
...............# #......#
...............####....###
..........<....##......####
#.................)........
##.....#.....####...####...
###########......### ###
#....###


You could see Grinder.

Vanquished Creatures
  4 gnolls (D:2)
  2 adders (D:3)
  A worm (D:2)
  3 orcs
  9 bats
  4 endoplasms
  2 giant cockroaches (D:1)
  7 goblins
  A hobgoblin (D:1)
  3 kobolds
  5 quokkas
  3 ball pythons
  6 frilled lizards
  7 rats
57 creatures vanquished.

Notes
Turn   | Place    | Note
-------+----------+-------------------------------------------
     0 | D:1      | qw the Tengu Warper began the quest for the Orb.
     0 | D:1      | Reached XP level 1. HP: 12/12 MP: 4/4
     0 | D:1      | 0 ||| qw: Version: 0.1-a-89-g26bdef1
     0 | D:1      | 0 ||| qw: Game counter: 2298
     0 | D:1      | 0 ||| qw: Always use a shield: true
     0 | D:1      | 0 ||| qw: God list: Okawaru
     0 | D:1      | 0 ||| qw: Allow faded altars: false
     0 | D:1      | 0 ||| qw: Do Orc after D:15 true
     0 | D:1      | 0 ||| qw: Do second Lair branch before Depths: true
     0 | D:1      | 0 ||| qw: Lair rune preference: random
     0 | D:1      | 0 ||| qw: Plans: Normal
     0 | D:1      | 0 ||| PLANNING D:1-11
   338 | D:1      | Reached skill level 3 in Axes
   338 | D:1      | Reached XP level 2. HP: 17/17 MP: 6/6
   481 | D:1      | 481 ||| Stepping ~*~*~tactically~*~*~ (stealth).
   482 | D:1      | 482 ||| Stepping ~*~*~tactically~*~*~ (stealth).
   483 | D:1      | 483 ||| Stepping ~*~*~tactically~*~*~ (stealth).
   642 | D:1      | 642 ||| DROPPING +0 club.
  1082 | D:1      | 1082 ||| UPGRADING to +0 scale mail.
  1092 | D:1      | 1092 ||| DROPPING +0 leather armour.
  1093 | D:1      | 1093 ||| UPGRADING to +6 ring of strength.
  1094 | D:1      | 1094 ||| UPGRADING to ring of willpower.
  1095 | D:1      | 1095 ||| READING scroll labelled JUEMNETAOZ.
  1096 | D:1      | 1096 ||| DRINKING 2 lumpy sapphire potions.
  1097 | D:1      | 1097 ||| DROPPING scroll of blinking.
  1136 | D:2      | Reached XP level 3. HP: 21/21 MP: 7/7
  1285 | D:2      | Reached skill level 4 in Axes
  1290 | D:2      | 1290 ||| DROPPING +0 mace.
  1649 | D:2      | 1649 ||| Stepping ~*~*~tactically~*~*~ (stealth).
  1677 | D:2      | 1677 ||| Stepping ~*~*~tactically~*~*~ (stealth).
  1680 | D:2      | 1680 ||| Stepping ~*~*~tactically~*~*~ (stealth).
  1683 | D:2      | Reached XP level 4. HP: 25/26 MP: 8/8
  1687 | D:2      | 1687 ||| Stepping ~*~*~tactically~*~*~ (stealth).
  1689 | D:2      | 1689 ||| Stepping ~*~*~tactically~*~*~ (stealth).
  1697 | D:2      | Reached skill level 5 in Axes
  1877 | D:2      | Identified the +1 leather armour of Time Monsters {rElec
                  | rC+}
  1902 | D:2      | 1902 ||| Stepping ~*~*~tactically~*~*~ (stealth).
  1907 | D:2      | 1907 ||| Stepping ~*~*~tactically~*~*~ (hiding).
  2328 | D:2      | 2328 ||| DROPPING +1 leather armour of Time Monsters {rElec
                  | rC+}.
  2329 | D:2      | 2329 ||| READING scroll labelled XYAMOL VIWN.
  2330 | D:2      | 2330 ||| DRINKING 2 yellow potions.
  2331 | D:2      | 2331 ||| READING 2 scrolls of identify.
  2331 | D:2      | 2331 ||| IDENTIFYING bubbling green potion
  2332 | D:2      | 2332 ||| DROPPING potion of berserk rage.
  2343 | D:3      | 2343 ||| STAIRDANCE
  2706 | D:3      | Found a glowing golden altar of the Shining One.
  2837 | D:3      | Gained mutation: Your magical nature lets you fly swiftly
                  | and evasively. [Tengu growth]
  2837 | D:3      | Reached XP level 5. HP: 22/30 MP: 9/9
  2932 | D:3      | 2932 ||| Stepping ~*~*~tactically~*~*~ (hiding).
  3092 | D:3      | Noticed Grinder
  3093 | D:3      | Paralysed by Grinder for 3 turns
  3100 | D:3      | 3100 ||| FLEEEEING.
  3101 | D:3      | 3101 ||| STAIRDANCE
  3169 | D:2      | 3169 ||| DROPPING scarf of invisibility.
  3170 | D:2      | 3170 ||| READING scroll labelled RIABEBOZEHIDD.
  3171 | D:2      | 3171 ||| READING scroll labelled JUURGH BEOHADD.
  3172 | D:2      | 3172 ||| READING scroll labelled GAEHIE NINORI.
  3186 | D:3      | HP: 1/30 [Grinder (8)]
  3186 | D:3      | Slain by Grinder

Levels and vault maps discovered:
D:1:      co_arrival_square_in_a_square_in_a_square, layout_basic, st_stairs_1,
          hex_large
D:2:      layout_basic
D:3:      layout_rooms, tso_oasis_becter, uniq_grinder

Skill      XL: |  1  2  3  4 |
---------------+-------------+-----
Axes           | 3 4 5 |  5.5
Fighting       | |  2.0
Throwing       | |  1.0
Armour         | |  1.1
Dodging        | |  2.1
Spellcasting   | |  2.0
Translocations | |  2.4

Action                   |  1- 3 |  4- 6 || total
-------------------------+-------+-------++-------
Melee: Hand axe          |    71 |    70 ||   141
       Kick              |    14 |    14 ||    28
       Peck              |     5 |     4 ||     9
       Punch             |       |     1 ||     1
Throw: Boomerang         |     7 |       ||     7
  Use: Scroll            |     1 |     5 ||     6
       Potion            |     1 |     1 ||     2
Armor: Leather armour    |     8 |       ||     8
       Scale mail        |     7 |    23 ||    30
Dodge: Dodged            |    18 |    38 ||    56

Table legend:
 A = Non-vault XP
 B = Vault XP
 C = Vault XP percentage of total XP
 D = Non-vault monster count
 E = Vault monster count
 F = Vault count percentage of total count
                 A         B        C        D         E       F
            +---------+---------+-------+---------+---------+-------
      Total |     166 |       4 |   2.4 |      54 |       3 |   5.3
            +---------+---------+-------+---------+---------+-------
        D:1 |      28 |       4 |  12.5 |      18 |       3 |  14.3
        D:2 |      97 |       0 |   0.0 |      26 |       0 |   0.0
        D:3 |      41 |       0 |   0.0 |      10 |       0 |   0.0
            +---------+---------+-------+---------+---------+-------
